 Dungeon Crawl Stone Soup version 0.25-a0-346-g140ab784a8 (webtiles) character file.

Game seed: 10331948523592665116, levelgen mode: deterministic

1057 Aggronaut the Covert (level 8, -5/36 HPs)
             Began as a Spriggan Enchanter on Dec 30, 2019.
             Slain by Menkaure (24 damage)
             ... on level 6 of the Dungeon on Dec 31, 2019.
             The game lasted 00:21:56 (7819 turns).

Aggronaut the Covert (Spriggan Enchanter)           Turns: 7819, Time: 00:21:56

Health: -5/36      AC:  5    Str:  6    XL:     8   Next: 6%
Magic:  2/13       EV: 18    Int: 16    God:
Gold:   106        SH:  0    Dex: 17    Spells: 6/12 levels left

rFire    . . .     SeeInvis +   g - +0 dagger (venom)
rCold    . . .     Gourm    .   (shield restricted)
rNeg     . . .     Faith    .   b - +0 robe
rPois    .         Spirit   .   (helmet restricted)
rElec    .         Reflect  .   h - +2 cloak
rCorr    .         Harm     .   (gloves unavailable)
MR       +....                  (boots unavailable)
Stlth    ++++......             (no amulet)
HPRegen  0.12/turn              (no ring)
MPRegen  0.13/turn              (no ring)

@: starving, very quick
A: very small, unfitting armour, see invisible, herbivore, speed 3, slow
metabolism 2
a: no special abilities


You were on level 6 of the Dungeon.
You were starving.

You visited 1 branch of the dungeon, and saw 6 of its levels.

You collected 300 gold pieces.
You spent 194 gold pieces at shops.

Inventory:

Hand Weapons
 g - a +0 dagger of venom (weapon)
 q - a +0 shortbow
Missiles
 f - 49 arrows
 i - 35 poisoned darts (quivered)
Armour
 b - a +0 robe (worn)
 h - a +2 cloak (worn)
Wands
 m - a wand of digging (4)
 z - a wand of scattershot (4)
Scrolls
 a - 4 scrolls of fear {unknown}
 e - 2 scrolls of teleportation {unknown}
 k - 2 scrolls of enchant weapon {unknown}
 l - a scroll of enchant armour {unknown}
 o - a scroll of random uselessness {unknown}
 u - a scroll of holy word {unknown}
 v - a scroll of identify
 w - a scroll of amnesia
Potions
 c - a potion of brilliance
 j - a potion of lignification
 n - 6 potions of flight
 p - 3 potions of haste
 r - a potion of invisibility
 s - 3 potions of agility
 t - a potion of berserk rage
 x - 2 potions of cancellation {unknown}
 A - a potion of curing
Comestibles
 d - 8 rations


   Skills:
 + Level 5.6 Short Blades
 - Level 3.0 Dodging
 + Level 9.2 Stealth
 - Level 2.6 Spellcasting
 - Level 8.0 Hexes


You had 6 spell levels left.
You knew the following spells:

 Your Spells              Type           Power        Failure   Level  Hunger
a - Corona                Hex            ####...      1%          1    #......
b - Ensorcelled Hibernat  Hex/Ice        ###...       5%          2    ##.....
c - Confuse               Hex            ####....     2%          3    ###....

Your spell library contained the following spells:

 Spells                   Type           Power        Failure   Level  Hunger
 Tukima's Dance           Hex            ####....     2%          3    ###....
 Dazzling Flash           Conj/Hex       ###...       11%         3    ###....
 Beastly Appendage        Tmut           #.....       19%         1    #......
 Magic Dart               Conj           #...         19%         1    #......
 Shock                    Conj/Air       #...         19%         1    #......
 Corpse Rot               Necr/Air       N/A          28%         2    ##.....
 Passwall                 Tmut/Erth      #.......     28%         2    ##.....
 Searing Ray              Conj           #.....       28%         2    ##.....
 Fulminant Prism          Conj/Hex       ###.......   36%         4    #####..
 Spider Form              Tmut/Pois      #.........   50%         3    ###....
 Iskenderun's Mystic Bla  Conj/Tloc      #.......     88%         4    #####..
 Lightning Bolt           Conj/Air       #.........   99%         5    ######.


Dungeon Overview and Level Annotations

Branches:
Dungeon (6/15)             Temple (0/1) D:6

Altars:
Cheibriados
Fedhas
Kikubaaqudgha
Makhleb
Qazlal
Wu Jian
Yredelemnul
The Shining One

Shops:
D:4 =   D:5 ?

Annotations:
D:6 1 transporter, Menkaure


Innate Abilities, Weirdness & Mutations

You are very small and have problems with some larger weapons.
You are too small for most types of armour.
You have supernaturally acute eyesight. (SInv)
You are a herbivore.
You cover ground extremely quickly.
You need to consume almost no food.


Message History

You are starving!
The vampire misses you. The vampire closely misses you.
You hit the vampire but do no damage.
The vampire is severely damaged.
The hungry ghost completely misses you.
You hit the vampire but do no damage.
The vampire is severely damaged.
The quokka skeleton misses the hungry ghost.
The quokka skeleton bites itself.
The vampire misses you. The vampire barely misses you.
The hungry ghost closely misses you.
You barely miss the vampire.
The vampire is severely damaged.
The adder zombie completely misses you. The vampire hits you!
The vampire closely misses you. The hungry ghost misses you.
You hit the vampire but do no damage.
The vampire is severely damaged.
Menkaure mumbles in an indecipherable tongue.
Menkaure hits you!!
Ouch! That really hurt!
You die...

#.........# ##.....##
#.#####...####..####.## ##.#
##.......## ##.### ###<##
#..##...# ##..# .....##
#..###..# ###.##
......#####.####..######.##.#
......................##.####
....##..#############.#.#..#
....###.#.?....Z@V..#.#..###
...## #.#......MWZ..#...##
....# #.#..###.###..#...##
....###.#..#8#.#8#._#....#
#.......#.$.....ZV.[#....#
#......§#..W..©..W.⌠#©...#
#.......#..........}#..#.##
..#.....#..#8#.#8#._#.##..#
.####...#..###.###.$#.#...#


You could see a hungry ghost, a vampire (confused), Menkaure, an adder zombie
(confused) and a quokka skeleton (confused).

Vanquished Creatures
  A sky beast (D:5)
  2 phantoms (D:4)
  An ogre (D:5)
  2 scorpions (D:6)
  2 crimson imps (D:5)
  2 hounds
  2 orc wizards
  An orc priest (D:4)
  2 jellies (D:6)
  A bullfrog skeleton (D:4)
  3 iguanas
  2 worker ants
  A hound skeleton (D:5)
  6 adders
  A shadow imp (D:5)
  2 adder skeletons (D:4)
  3 worms
  2 dart slugs (D:1)
  3 leopard geckos
  12 orcs
  6 bats
  10 giant cockroaches
  9 goblins
  8 hobgoblins
  5 quokkas
  2 ball pythons (D:5)
  8 frilled lizards
  8 kobolds
  A quokka zombie (D:6)
  4 rats
112 creatures vanquished.

Notes
Turn   | Place    | Note
-------+----------+-------------------------------------------
     0 | D:1      | Aggronaut the Spriggan Enchanter began the quest for the
                  | Orb.
     0 | D:1      | Reached XP level 1. HP: 9/9 MP: 5/5
   229 | D:1      | Reached XP level 2. HP: 12/13 MP: 6/6
   815 | D:1      | Reached skill level 5 in Stealth
   815 | D:1      | Reached XP level 3. HP: 11/16 MP: 8/8
  1584 | D:2      | Learned a level 2 spell: Ensorcelled Hibernation
  1588 | D:2      | Learned a level 3 spell: Confuse
  2114 | D:2      | Reached skill level 5 in Hexes
  2114 | D:2      | Reached XP level 4. HP: 13/21 MP: 9/9
  2835 | D:3      | Found a snail-covered altar of Cheibriados.
  3439 | D:3      | Found a glowing golden altar of the Shining One.
  3490 | D:4      | Found Ufuosych's Jewellery Emporium.
  3507 | D:4      | Upgraded the game from 0.25-a0-341-g6f074c887a to
                  | 0.25-a0-346-g140ab784a8
  3633 | D:4      | Reached XP level 5. HP: 23/24 MP: 10/10
  3644 | D:4      | Noticed a phantom
  3879 | D:4      | Reached skill level 6 in Stealth
  4023 | D:4      | Found an ornate altar of the Wu Jian Council.
  4090 | D:4      | Killed a phantom
  4090 | D:4      | Reached XP level 6. HP: 23/28 MP: 1/11
  4399 | D:4      | Reached skill level 7 in Stealth
  4843 | D:5      | Entered Level 5 of the Dungeon
  4845 | D:5      | Reached XP level 7. HP: 32/32 MP: 12/12
  4857 | D:5      | Found a stormy altar of Qazlal.
  5724 | D:5      | Found Omuhut's Magic Scroll Emporium.
  5728 | D:5      | Found a burning altar of Makhleb.
  5730 | D:5      | Bought a scroll of identify for 30 gold pieces
  5730 | D:5      | Bought a scroll of amnesia for 52 gold pieces
  5730 | D:5      | Bought a scroll of torment for 112 gold pieces
  6241 | D:5      | Reached skill level 8 in Stealth
  6490 | D:6      | Noticed a vampire
  6492 | D:6      | Found a basalt altar of Yredelemnul.
  6494 | D:6      | Noticed Menkaure
  6498 | D:6      | Found an ancient bone altar of Kikubaaqudgha.
  6501 | D:6      | Found a transporter.
  6501 | D:6      | Noticed a hungry ghost
  6567 | D:6      | Reached skill level 5 in Short Blades
  6642 | D:6      | Found a staircase to the Ecumenical Temple.
  6685 | D:6      | Found a transporter.
  7111 | D:6      | Found a snail-covered altar of Cheibriados.
  7139 | D:6      | Reached skill level 9 in Stealth
  7139 | D:6      | Reached XP level 8. HP: 36/36 MP: 13/13
  7227 | D:6      | Found a blossoming altar of Fedhas.
  7796 | D:6      | Identified Qemmox's Catalogue of Cloudy Shape Shifting
  7819 | D:6      | Slain by Menkaure

Levels and vault maps discovered:
D:1:      mrwooster_arrival_statue_3, layout_loops_ring
D:2:      layout_basic, serial_forest, infiniplex_forest_straight_3,
          infiniplex_forest_clump_tiny, infiniplex_forest_clump_diagonal,
          infiniplex_forest_straight_2, infiniplex_forest_straight_2,
          infiniplex_forest_end_double, infiniplex_forest_straight_3,
          nrook_campfire, kennysheep_minor_cross
D:3:      minmay_general_purpose_star, layout_basic,
          nicolae_tso_swordbearing_angel, cheibriados_altar_1
D:4:      layout_rooms, lemuel_round_altar, first_ration, serial_shops, shop
D:5:      layout_gridville, makhleb_heckhound_becter, serial_shops,
          nicolae_shop_waterfront, nicolae_qazlal_eye_of_the_storm
D:6:      layout_layer_cave, gammafunk_temple_of_torment,
          fedhas_altar_fruit_tree, temple_pool_b, basic_altar,
          grunt_decor_mini_mirrors, uniq_menkaure

Skill      XL: |  1  2  3  4  5  6  7 |
---------------+----------------------+-----
Hexes          | 4 5 6 7 8 |  8.0
Stealth        | 5 6 7 9 |  9.2
Short Blades   | 2 3 4 5 |  5.6
Dodging        | |  3.0
Spellcasting   | |  2.6

Action                   |  1- 3 |  4- 6 |  7- 9 || total
-------------------------+-------+-------+-------++-------
Melee: Dagger            |   154 |   159 |   143 ||   456
 Cast: Ensorcelled Hiber |       |    10 |    22 ||    32
       Confuse           |       |    13 |    11 ||    24
  Use: Scroll            |     1 |     6 |     4 ||    11
       Potion            |       |     2 |       ||     2
 Stab: Sleeping          |    11 |    15 |    13 ||    39
       Confused          |       |     5 |     5 ||    10
       Distracted        |       |       |     1 ||     1
  Eat: Ration            |       |     2 |     2 ||     4
Armor: Robe              |     9 |    13 |    17 ||    39
Dodge: Dodged            |   101 |    97 |    96 ||   294

Table legend:
 A = Non-vault XP
 B = Vault XP
 C = Vault XP percentage of total XP
 D = Non-vault monster count
 E = Vault monster count
 F = Vault count percentage of total count
                 A         B        C        D         E       F
            +---------+---------+-------+---------+---------+-------
      Total |    1463 |      48 |   3.2 |     108 |       4 |   3.6
            +---------+---------+-------+---------+---------+-------
        D:1 |      50 |       0 |   0.0 |      27 |       0 |   0.0
        D:2 |      56 |       0 |   0.0 |      22 |       0 |   0.0
        D:3 |      40 |       5 |  11.1 |       7 |       2 |  22.2
        D:4 |     520 |       0 |   0.0 |      21 |       0 |   0.0
        D:5 |     452 |      42 |   8.5 |      20 |       1 |   4.8
        D:6 |     345 |       1 |   0.3 |      11 |       1 |   8.3
            +---------+---------+-------+---------+---------+-------
